 Dungeon Crawl Stone Soup version 0.24-a0-516-g9de272bb65 (webtiles) character file.

Game seed: 3463144699601582444

38507 Peloso the Carver (level 13, 0/117 HPs)
             Began as a Minotaur Fighter on July 22, 2019.
             Was the Champion of Okawaru.
             Slain by an eight-headed hydra (2 damage)
             ... on level 5 of the Lair of Beasts.
             The game lasted 00:57:28 (18859 turns).

Peloso the Carver (Minotaur Fighter)               Turns: 18859, Time: 00:57:29

Health: 0/117      AC: 22    Str: 24    XL:     13   Next: 64%
Magic:  14/14      EV: 13    Int:  5    God:    Okawaru [******]
Gold:   1122       SH: 14    Dex: 15    Spells: 12/12 levels left

rFire    + . .     SeeInvis +   a - +1 long sword (slice)
rCold    . . .     Gourm    .   c - +0 shield
rNeg     + . .     Faith    .   R - +3 chain mail {MR+}
rPois    +         Spirit   .   S - +2 hat {SInv}
rElec    .         Reflect  .   r - +0 cloak {MR+}
rCorr    +         Harm     .   F - +1 pair of gloves
MR       +++..                  D - +0 pair of boots
Stlth    ..........             v - amulet "Tedoegir" {+Rage rPois rF+ MR+}
HPRegen  0.29/turn              d - ring "Kimeohea" {rN+ Dex+3}
MPRegen  0.14/turn              l - ring of resist corrosion

@: no status effects
A: retaliatory headbutt, horns 2
a: Heroism, Finesse, Renounce Religion, Evoke Berserk Rage


You were on level 5 of the Lair of Beasts.
You worshipped Okawaru.
Okawaru was exalted by your worship.
You were not hungry.

You visited 3 branches of the dungeon, and saw 19 of its levels.
You also visited: Gauntlet.

You collected 1122 gold pieces.

Inventory:

Hand Weapons
 a - a +1 long sword of slicing (weapon)
Armour
 c - a +0 shield (worn)
 j - a +1 chain mail of fire resistance
 r - a +0 cloak of magic resistance (worn)
 D - a +0 pair of boots (worn)
 F - a +1 pair of gloves (worn)
 L - a +3 scale mail of cold resistance
 R - a +3 chain mail of magic resistance (worn)
 S - a +2 hat of see invisible (worn)
Jewellery
 b - a +3 ring of protection
 d - the ring "Kimeohea" (left hand) {rN+ Dex+3}
   (You found it in a Gauntlet)

   [ring of dexterity]

   It affects your dexterity (+3).
   It protects you from negative energy.
 h - an uncursed amulet of the gourmand
 l - a ring of resist corrosion (right hand)
 v - the amulet "Tedoegir" (around neck) {+Rage rPois rF+ MR+}
   (You took it off a minotaur in a Gauntlet)

   [amulet of rage]

   It protects you from fire.
   It protects you from poison.
   It affects your resistance to hostile enchantments.
   It lets you go berserk.
 x - a +3 amulet of reflection
 J - an uncursed ring of ice
 K - an uncursed ring of see invisible
 U - an uncursed ring of ice
 Z - an uncursed amulet of guardian spirit {unknown}
Scrolls
 e - 2 scrolls of immolation {unknown}
 i - 3 scrolls of remove curse
 k - a scroll of teleportation
 m - 4 scrolls of blinking {unknown}
 n - 3 scrolls of random uselessness {unknown}
 o - 4 scrolls of magic mapping
 s - a scroll of identify
 w - 3 scrolls of fear {unknown}
 E - 3 scrolls of amnesia {unknown}
 G - 3 scrolls of enchant weapon {unknown}
 P - 2 scrolls of torment {unknown}
 W - a scroll of noise
Potions
 g - 4 potions of haste
 p - 7 potions of curing
 A - a potion of flight
 M - 2 potions of agility
 N - a potion of resistance
Comestibles
 f - 38 rations
 q - 5 chunks of flesh


   Skills:
 + Level 11.8 Fighting
 + Level 14.7 Long Blades
 + Level 11.8 Armour
 + Level 7.7 Dodging
 + Level 2.8 Stealth
 + Level 14.4 Shields
 + Level 2.6 Invocations
 + Level 2.6 Evocations


You had 12 spell levels left.
You didn't know any spells.
Your spell library contained the following spells:

 Spells                   Type           Power        Failure   Level  Hunger
 Animate Skeleton         Necr           N/A          95%         1    ##.....
 Freeze                   Ice            #...         95%         1    ##.....
 Magic Dart               Conj           #...         95%         1    ##.....
 Blink                    Tloc           N/A          99%         2    ###....
 Call Imp                 Summ           #.......     99%         2    ###....
 Slow                     Hex            #.......     99%         2    ###....
 Throw Frost              Conj/Ice       #.....       99%         2    ###....
 Conjure Flame            Conj/Fire      #.......     100%        3    ####...
 Mephitic Cloud           Conj/Pois/Air  #.......     100%        3    ####...
 Ice Form                 Ice/Tmut       #.......     100%        4    #####..
 Throw Icicle             Conj/Ice       #.......     100%        4    #####..
 Bolt of Cold             Conj/Ice       #.........   100%        6    #######


Dungeon Overview and Level Annotations

Branches:
Dungeon (13/15)            Temple (1/1) D:5            Lair (6/6) D:10
  Swamp (0/4) Lair:2        Snake (0/4) Lair:3        Slime (0/5) Lair:6
    Orc (0/2) D:9
 Vaults: D:13-14

Altars:
Ashenzari
Dithmenos
Elyvilon
Fedhas
Makhleb
Nemelex Xobeh
Okawaru
Ru
Sif Muna
Trog
Uskayaw
Vehumet
Wu Jian
Yredelemnul
Zin

Shops:
D:8 [

Annotations:
Lair:5 Kirke


Innate Abilities, Weirdness & Mutations

You reflexively headbutt those who attack you in melee.
You have a pair of horns on your head.


Message History

* * * LOW HITPOINT WARNING * * *
The eight-headed hydra bites you but does no damage.
The eight-headed hydra completely misses you.
You block the yak's attack.
Unknown command.
Okay, then.
Okay, then.
You fail to use your ability.
The black mamba bites you but does no damage.
The yak gores you.
* * * LOW HITPOINT WARNING * * *
You block the black mamba's attack.
You block the eight-headed hydra's attack.
The eight-headed hydra misses you. x2
The eight-headed hydra bites you but does no damage.
The eight-headed hydra bites you.
* * * LOW HITPOINT WARNING * * *
The eight-headed hydra bites you but does no damage.
The eight-headed hydra bites you.
You die...

*,,,,,* ####...,,,, **,,,,,*
#......,,,, *,,,,,,**
##....#*,,,,
*********,,,,,,,*#####.....#**,,,
,,,**,*,*,,,,,**##.......P#* *...
,,*,,**,,,,,,,* #........#* *P..
,,,,,,,,,,,,,,*##S.......#####...
,,,,,,,,,,,,,,*#YSY##...#.P..##P.
,,,,,,,,,,,,,,*#@Y#####......##..
,,,,,,,,,,,,,,*#D#.#**#.........#
,,,,,,,,,,,,,,#.YY...*##.........
,,,,,,,,,,,,,,##.......#.........
,,,,,,,,,,,,,,*##...#.##.........
,,,,,,,,,,,,,,* *###...#.#####.P.
,,,,,,,,,,,,,,* ***..#### #...
,,,,*,,*,,,,,,* **,,,.#### ###..
*,*******,,,,,* *∩,,,*#..####≈#..


You could see an eight-headed hydra, a black mamba, 5 yaks and a water moccasin.

Vanquished Creatures
  Gastronok (D:10)
  A minotaur (Gauntlet)
  2 hydras
  Harold (D:8)
  A catoblepas (Gauntlet)
  2 two-headed ogres (D:8)
  Urug (D:12)
  A tengu warrior (Gauntlet)
  An unseen horror (D:12)
  An orb spider (shapeshifter) (D:13)
  3 oklob plants (Lair:2)
  3 ugly things
  A manticore (D:13)
  2 centaur zombies
  3 elephants (Lair:6)
  2 gargoyles
  A molten gargoyle (Gauntlet)
  Psyche (D:8)
  A black mamba (Lair:6)
  A guardian serpent (Lair:3)
  5 spiny frogs
  4 rime drakes
  4 komodo dragons
  2 tengu conjurers (Gauntlet)
  2 trolls
  A queen bee (Lair:2)
  3 hornets (Gauntlet)
  A meliai zombie (D:11)
  4 slime creatures (D:13)
  7 hippogriffs
  27 yaks
  5 wyverns
  A shadow (D:12)
  Eustachio (D:5)
  5 basilisks
  A hungry ghost (D:8)
  A human (D:8)
  A soldier ant (D:13)
  A warg (D:8)
  Duvessa (D:7)
  6 water moccasins
  8 porcupines
  2 eyes of draining (D:5)
  2 necrophages
  6 orc warriors
  5 ice beasts
  4 sky beasts
  8 ogres
  3 black bears
  3 phantoms
  3 centaurs
  5 crocodiles
  4 big kobolds
  15 bullfrogs
  A gnoll sergeant (D:12)
  A wyvern zombie (D:11)
  5 scorpions
  2 wyvern skeletons
  Dowan (D:7)
  36 killer bees
  8 wights
  A howler monkey (D:10)
  5 electric eels (Lair:2)
  5 crimson imps
  3 bullfrog zombies
  A quasit (D:8)
  4 bullfrog skeletons
  A centaur skeleton (D:4)
  3 hounds
  11 orc wizards
  6 orc priests
  5 jellies
  4 iguanas
  Ijyb (D:4)
  Jessica (D:3)
  10 worker ants
  A hound zombie (D:4)
  A worker ant zombie (D:8)
  4 adders
  10 gnolls
  6 shadow imps
  2 oozes
  An adder zombie (D:6)
  3 worms (D:2)
  A dart slug (D:2)
  10 leopard geckos
  67 orcs
  A ball python (D:3)
  9 giant cockroaches
  9 hobgoblins
  16 jackals
  6 quokkas
  12 bats
  7 frilled lizards
  8 goblins
  27 kobolds
  A quokka skeleton (D:6)
  A quokka zombie (D:8)
  7 rats
  A fungus (D:10)
  5 plants
512 creatures vanquished.

Vanquished Creatures (others)
  A bush (Lair:6)
  4 demonic plants (Gauntlet)
  13 fungi
  29 plants
47 creatures vanquished.

Grand Total: 559 creatures vanquished

Notes
Turn   | Place    | Note
-------+----------+-------------------------------------------
     0 | D:1      | Peloso the Minotaur Fighter began the quest for the Orb.
     0 | D:1      | Reached XP level 1. HP: 19/19 MP: 0/0
   106 | D:1      | Reached XP level 2. HP: 26/27 MP: 1/1
   707 | D:1      | Reached XP level 3. HP: 32/33 MP: 2/2
   813 | D:2      | Found a faded altar of an unknown god.
  1147 | D:2      | Reached XP level 4. HP: 40/40 MP: 3/3
  1285 | D:2      | Found a sacrificial altar of Ru.
  1386 | D:2      | Found a sparkling altar of Nemelex Xobeh.
  1524 | D:3      | Noticed Jessica
  1532 | D:3      | Killed Jessica
  1552 | D:3      | Reached XP level 5. HP: 32/46 MP: 4/4
  1925 | D:3      | Found a blossoming altar of Fedhas.
  2343 | D:4      | Found a transporter.
  2343 | D:4      | Found a transporter.
  2343 | D:4      | Noticed an ice beast
  2361 | D:4      | Found a deep blue altar of Sif Muna.
  2426 | D:4      | Reached skill level 1 in Dodging
  2426 | D:4      | Reached skill level 5 in Shields
  2807 | D:4      | Reached skill level 5 in Long Blades
  2814 | D:4      | Reached XP level 6. HP: 49/53 MP: 5/5
  2844 | D:4      | Noticed Ijyb
  2856 | D:4      | Killed Ijyb
  3008 | D:4      | Reached skill level 5 in Armour
  3105 | D:5      | Entered Level 5 of the Dungeon
  3105 | D:5      | Found a shattered altar of Ashenzari.
  3112 | D:5      | Found a staircase to the Ecumenical Temple.
  3133 | Temple   | Entered the Ecumenical Temple
  3146 | Temple   | Became a worshipper of Warmaster Okawaru
  3171 | D:5      | Noticed a sky beast
  3181 | D:5      | Killed a sky beast
  3342 | D:5      | Reached XP level 7. HP: 60/60 MP: 6/6
  3396 | D:5      | Found a bloodstained altar of Trog.
  3468 | D:5      | Reached * piety under Okawaru
  3607 | D:5      | Reached skill level 5 in Fighting
  3655 | D:5      | Noticed Eustachio
  3665 | D:5      | Killed Eustachio
  3665 | D:5      | Reached XP level 8. HP: 64/68 MP: 7/7
  4062 | D:6      | Reached ** piety under Okawaru
  4802 | D:7      | Found a basalt altar of Yredelemnul.
  4802 | D:7      | Found a hide-covered altar of Uskayaw.
  4806 | D:7      | Noticed Dowan
  4830 | D:6      | Reached skill level 1 in Stealth
  5083 | D:7      | Killed Dowan
  5083 | D:7      | Reached skill level 10 in Long Blades
  5083 | D:7      | Reached XP level 9. HP: 78/78 MP: 8/8
  5102 | D:7      | Noticed Duvessa
  5113 | D:7      | Killed Duvessa
  5396 | D:7      | Reached *** piety under Okawaru
  6296 | D:8      | Found Coray's Armour Boutique.
  6386 | D:8      | Reached **** piety under Okawaru
  6716 | D:8      | Reached XP level 10. HP: 74/86 MP: 9/9
  6777 | D:8      | Noticed Harold
  6777 | D:8      | Noticed Psyche
  6797 | D:8      | Killed Psyche
  6829 | D:8      | Killed Harold
  7029 | D:9      | Noticed a two-headed ogre
  7113 | D:9      | Noticed a two-headed ogre
  7120 | D:8      | Killed a two-headed ogre
  7120 | D:8      | Reached ***** piety under Okawaru
  7120 | D:8      | Reached skill level 1 in Invocations
  7141 | D:8      | Killed a two-headed ogre
  7340 | D:8      | Reached skill level 10 in Shields
  7697 | D:9      | Found a staircase to the Orcish Mines.
  7797 | D:9      | Reached XP level 11. HP: 78/95 MP: 10/10
  8216 | D:9      | Found a glowing silver altar of Zin.
  8360 | D:10     | Entered Level 10 of the Dungeon
  8360 | D:10     | Noticed Gastronok
  8371 | D:10     | Killed Gastronok
  8371 | D:10     | Reached skill level 5 in Dodging
  8691 | D:9      | Received a gift from Okawaru
  8958 | D:10     | Found a staircase to the Lair.
  9819 | D:11     | Noticed a brown ugly thing
  9831 | D:11     | Killed a brown ugly thing
  9881 | D:11     | Noticed a purple ugly thing
  9892 | D:11     | Killed a purple ugly thing
 10265 | D:11     | Got a fine hand axe
 10269 | D:11     | Identified the cursed +0 hand axe "Mimnyn" {chop, rC+ MR+}
                  | (You found it on level 11 of the Dungeon)
 10845 | Lair:1   | Entered Level 1 of the Lair of Beasts
 10862 | Lair:1   | Noticed a six-headed hydra
 11008 | D:12     | Found a gate leading to a gauntlet.
 11029 | Gauntlet | Entered a Gauntlet
 11029 | Gauntlet | Found a transporter.
 11040 | Gauntlet | Found a transporter.
 11042 | Gauntlet | Found a transporter.
 11044 | Gauntlet | Found a transporter.
 11076 | Gauntlet | Found a transporter.
 11078 | Gauntlet | Found a transporter.
 11105 | Gauntlet | Found a transporter.
 11110 | Gauntlet | Found a transporter.
 11117 | Gauntlet | Found a transporter.
 11132 | Gauntlet | Noticed a death drake
 11133 | Gauntlet | Found a transporter.
 11152 | Gauntlet | Found a transporter.
 11152 | Gauntlet | Noticed a green death
 11164 | Gauntlet | Found a transporter.
 11164 | Gauntlet | Noticed a ghost crab
 11176 | Gauntlet | Found a transporter.
 11176 | Gauntlet | Noticed a catoblepas
 11188 | Gauntlet | Found a transporter.
 11188 | Gauntlet | Noticed a ghost crab
 11194 | Gauntlet | Found a transporter.
 11209 | Gauntlet | Found a transporter.
 11209 | Gauntlet | Noticed an entropy weaver
 11210 | Gauntlet | Noticed a wolf spider
 11215 | Gauntlet | Found a transporter.
 11254 | Gauntlet | Found a transporter.
 11255 | Gauntlet | Noticed a tengu warrior
 11656 | Gauntlet | Reached XP level 12. HP: 63/104 MP: 10/12
 11980 | Gauntlet | Killed a tengu warrior
 12122 | Gauntlet | Killed a catoblepas
 12122 | Gauntlet | Reached skill level 10 in Armour
 12159 | Gauntlet | Got a clouded platinum ring
 12161 | Gauntlet | Identified the ring "Kimeohea" {rN+ Dex+3} (You found it in
                  | a Gauntlet)
 12446 | Gauntlet | Identified the amulet "Tedoegir" {+Rage rPois rF+ MR+}
 12446 | Gauntlet | Noticed a minotaur
 12459 | Gauntlet | Killed a minotaur
 12459 | Gauntlet | Reached skill level 10 in Fighting
 12888 | D:12     | Noticed Urug
 12918 | D:12     | Killed Urug
 13509 | D:12     | Identified the Tome of the Ghastly Frostbite
 13511 | D:12     | Found a blossoming altar of Fedhas.
 13819 | D:13     | Reached ****** piety under Okawaru
 13825 | D:13     | Received a gift from Okawaru
 14892 | Lair:1   | You fall into a shaft and drop 1 floor!
 15376 | Lair:2   | Noticed a five-headed hydra
 15386 | Lair:2   | Killed a nine-headed hydra
 15473 | Lair:2   | Reached XP level 13. HP: 55/115 MP: 13/13
 15738 | Lair:2   | Found a staircase to the Swamp.
 15929 | Lair:2   | Reached skill level 1 in Evocations
 17422 | Lair:1   | Received a gift from Okawaru
 18268 | Lair:3   | Found a staircase to the Snake Pit.
 18517 | Lair:3   | You fall into a shaft and drop 3 floors!
 18517 | Lair:6   | Entered Level 6 of the Lair of Beasts
 18778 | Lair:6   | Found a staircase to the Slime Pits.
 18787 | Lair:6   | Noticed a dire elephant
 18815 | Lair:5   | Noticed Kirke
 18859 | Lair:5   | HP: 2/117 [eight-headed hydra (4)]
 18859 | Lair:5   | Slain by an eight-headed hydra

Levels and vault maps discovered:
D:1:      tarquinn_simple_flora_water_d, layout_basic
D:2:      layout_basic, nicolae_ru_the_path_less_chosen, lemuel_doored_altar,
          chequers_ecumenical_altar_island, kennysheep_generic_room_5
D:3:      layout_basic, nicolae_overflow_crystal_walls, uniq_jessica
D:4:      layout_basic, gammafunk_temple_overflow_arena, uniq_ijyb
D:5:      minmay_razor_zed, layout_cave_pools, overflow_temple_1_default,
          trog_eyes_of_draining, first_ration, uniq_eustachio
D:6:      layout_basic, minmay_three_doors
D:7:      layout_cave_pools, chequers_temple_overflow_statue_of_worship,
          uniq_duvessa
D:8:      layout_rooms, serial_shops, nicolae_shop_trees, serial_curves,
          eino_curves_03, eino_curves_03, uniq_psyche, uniq_harold
D:9:      layout_rooms, zin_scriptorium, erik_orc_4
D:10:     layout_rooms, due_lair_maze_entry_diamond, uniq_gastronok
D:11:     minmay_clustersquares, layout_long_grid, grunt_ogre_cave
D:12:     layout_roguey, gauntlet_entry_generic, minmay_strange_pillars,
          minmay_door_square, fedhas_altar_4, uniq_urug
D:13:     layout_gridville
Temple:   dshaligram_water_room_temple
Lair:1:   layout_gridlike, grunt_megastairs_3
Lair:2:   layout_gridlike, minmay_swamp_entry_eels, special_room
          [special_room_bee], chequers_serial_rivers_micro_a, lemuel_fruit_tree,
          minmay_lair_oklob_chamber
Lair:3:   layout_cave_pods, minmay_snake_entry_spellcaster
Lair:5:   layout_hall_layers, serial_rivers, chequers_serial_rivers_small_b,
          chequers_serial_rivers_micro_d, chequers_serial_rivers_micro_b,
          chequers_serial_rivers_room_b, chequers_serial_rivers_micro_e,
          nicolae_volcano_entry_s_turn, uniq_kirke
Lair:6:   gammafunk_lair_ancient_temple, layout_small_grid,
          minmay_slime_entry_pillars, special_room [special_room_mythical_zoo],
          kennysheep_basilisk_garden

Skill      XL: |  1  2  3  4  5  6  7  8  9 10 11 12 13 |
---------------+----------------------------------------+-----
Shields        | 4 5 6 8 10 12 13 14 | 14.4
Armour         | 4 5 6 7 8 9 11 | 11.8
Fighting       | 4 5 6 7 8 9 11 | 11.8
Long Blades    | 3 4 5 6 8 10 11 12 13 14 | 14.7
Dodging        | 1 2 4 5 6 7 |  7.7
Stealth        | 1 2 |  2.8
Invocations    | 1 2 |  2.6
Evocations     | 2 |  2.6

Action                   |  1- 3 |  4- 6 |  7- 9 | 10-12 | 13-15 || total
-------------------------+-------+-------+-------+-------+-------++-------
Melee: Long sword        |   115 |   174 |   393 |   918 |   329 ||  1929
       Headbutt          |    23 |    37 |    86 |   268 |   125 ||   539
Invok: Heroism           |       |       |     5 |    19 |     3 ||    27
       Finesse           |       |       |       |     1 |       ||     1
 Abil: Evoke Berserk Rag |       |       |       |     1 |     1 ||     2
Evoke: Wand              |       |       |       |     7 |    34 ||    41
  Use: Scroll            |       |     1 |    11 |     8 |    11 ||    31
       Potion            |       |       |       |     5 |     3 ||     8
  Eat: Chunk             |    11 |    11 |    14 |    33 |     3 ||    72
       Ration            |       |       |       |       |     3 ||     3
Armor: Scale mail        |    57 |    67 |   130 |    91 |       ||   345
       Chain mail        |       |       |    45 |   283 |   132 ||   460
Dodge: Dodged            |    42 |    56 |   121 |   336 |   122 ||   677
Block: Shield            |    64 |    79 |   255 |   676 |   192 ||  1266
       Reflection        |       |       |     5 |     1 |       ||     6
       Rpst.: Long sword |    13 |    14 |    33 |    89 |    33 ||   182

Table legend:
 A = Non-vault XP
 B = Vault XP
 C = Vault XP percentage of total XP
 D = Non-vault monster count
 E = Vault monster count
 F = Vault count percentage of total count
                 A         B        C        D         E       F
            +---------+---------+-------+---------+---------+-------
      Total |   33791 |   21220 |  38.6 |     397 |     109 |  21.5
            +---------+---------+-------+---------+---------+-------
        D:1 |      42 |       0 |   0.0 |      28 |       0 |   0.0
        D:2 |      76 |       6 |   7.3 |      33 |       3 |   8.3
        D:3 |     105 |      37 |  26.1 |      25 |       1 |   3.8
        D:4 |     241 |     285 |  54.2 |      11 |       5 |  31.2
        D:5 |     517 |     606 |  54.0 |      18 |      10 |  35.7
        D:6 |    1223 |      22 |   1.8 |      26 |       3 |  10.3
        D:7 |    1382 |     222 |  13.8 |      31 |       2 |   6.1
        D:8 |    3617 |    1950 |  35.0 |      40 |      11 |  21.6
        D:9 |    1401 |     633 |  31.1 |      21 |      10 |  32.3
       D:10 |     647 |    3064 |  82.6 |      13 |       7 |  35.0
       D:11 |    3155 |     792 |  20.1 |      15 |       9 |  37.5
       D:12 |    3383 |     851 |  20.1 |      40 |       1 |   2.4
       D:13 |    4202 |       0 |   0.0 |      40 |       0 |   0.0
     Lair:1 |    4400 |     109 |   2.4 |      19 |       1 |   5.0
     Lair:2 |    3510 |    3225 |  47.9 |      12 |      24 |  66.7
     Lair:3 |    3148 |     427 |  11.9 |      15 |       1 |   6.2
     Lair:5 |     213 |       0 |   0.0 |       1 |       0 |   0.0
     Lair:6 |    2529 |    3588 |  58.7 |       9 |      11 |  55.0
   Gauntlet |       0 |    5403 | 100.0 |       0 |      10 | 100.0
            +---------+---------+-------+---------+---------+-------
